 Dungeon Crawl Stone Soup version 0.28.0-47-ge53b351184 (webtiles) character file.

Game seed: 2725321754812606196

43 Exodus22XD the Covered (level 3, 33/33 HPs)
             Began as a Minotaur Fighter on May 8, 2022.
             Was a Follower of Fedhas.
             Quit the game on level 2 of the Dungeon.
             The game lasted 00:01:06 (982 turns).

Exodus22XD the Covered (Minotaur Fighter)            Turns: 982, Time: 00:01:07

Health: 33/33      AC: 11    Str: 22    XL:     3   Next: 37%
Magic:  2/2        EV:  6    Int:  5    God:    Fedhas [*.....]
Gold:   25         SH:  4    Dex:  9    Spells: 2/2 levels left

rFire   . . .      SeeInvis .   a - +0 war axe
rCold   . . .      Faith    .   c - +0 buckler
rNeg    . . .      Spirit   .   j - +0 plate armour
rPois   .          Reflect  .   (helmet restricted)
rElec   .          Harm     .   (no cloak)
rCorr   .          Rampage  .   (no gloves)
Will    .....                   (no boots)
Stlth   ..........              (no amulet)
HPRegen 0.11/turn               (no ring)
MPRegen 0.08/turn               (no ring)

@: no status effects
A: horns 2, retaliatory headbutt
a: Renounce Religion


You were on level 2 of the Dungeon.
You worshipped Fedhas.
Fedhas was aware of your devotion.
You visited 1 branch of the dungeon, and saw 2 of its levels.

You collected 25 gold pieces.

Inventory:

Hand Weapons
 a - a +0 war axe (weapon)
Armour
 c - a +0 buckler (worn)
 j - a +0 plate armour (worn)
Scrolls
 e - 3 scrolls of amnesia {unknown}
 g - a scroll of fog {unknown}
 h - 2 scrolls of noise {unknown}
 i - a scroll of identify {unknown}
Potions
 b - a potion of mutation {unknown}
 d - 2 potions of might
 f - a potion of heal wounds {unknown}


   Skills:
 + Level 4.1 Fighting
 + Level 3.0 Axes
 + Level 4.3 Armour
 + Level 4.1 Shields


You had 2 spell levels left.
You didn't know any spells.
Your spell library was empty.

Dungeon Overview and Level Annotations

Branches:
Dungeon (2/15)

Altars:
Fedhas


Innate Abilities, Weirdness & Mutations

You have a pair of horns on your head.
You reflexively headbutt those who attack you in melee.


Message History

The jackal barks!
You block the jackal's attack.
There are monsters nearby!
You barely miss the jackal. You closely miss the jackal. You hit the jackal.
The jackal barely misses you.
The jackal bites you but does no damage.
The jackal bites you.
The jackal bites you but does no damage. x2
There are monsters nearby!
You closely miss the jackal.
The jackal is moderately wounded.
You barely miss the jackal. You slash the jackal!
You kill the jackal!
The jackal bites you but does no damage.
You block the jackal's attack. The jackal barely misses you.
You block the jackal's attack.
You slash the jackal!
You kill the jackal!
You hit the jackal but do no damage.
The jackal bites you but does no damage. x2
Unknown command.
You slash the jackal!
You kill the jackal!
A dart slug comes into view.
There is a fountain of clear blue water here.
The dart slug launches a dart at you. You block the slug dart.
You hit the dart slug. You headbutt the dart slug.
You kill the dart slug!
Your Axes skill increases to level 3!
No target in view!
Found 14 gold pieces.
There is a faded altar of an unknown god here.
Unknown command.
Press < or > to pray at altars.
You cannot tell which god this altar belongs to.
Convert to them anyway?
Fedhas accepts your prayer! Fedhas welcomes you!
The plants of the dungeon cease their hostilities.
Are you sure you want to abandon this character and quit the game? (Confirm with "yes".)

#.#####.#
#((#..
##.#.....#
#.(#..
####..#.#####
#'##..
#.......# ..
#)....
#...##### $..
######
#.††....+....
#
#.8.⌠.8.......
#
#...........##
#
#.⌠.@.⌠.#...#
#
#.......#...#
# .....8.⌠.8.#
..# #
..##.......#
## # .
...##.#### #
.### ... # #
... # .... # #


There were no monsters in sight!

Vanquished Creatures
  A gnoll (D:1)
  A dart slug (D:2)
  3 bats (D:1)
  3 endoplasms (D:1)
  A giant cockroach (D:1)
  2 goblins (D:1)
  5 hobgoblins (D:1)
  3 jackals (D:2)
  2 ball pythons (D:1)
  2 frilled lizards (D:1)
  4 kobolds
  3 rats
30 creatures vanquished.

Notes
Turn   | Place    | Note
-------+----------+-------------------------------------------
     0 | D:1      | Exodus22XD the Minotaur Fighter began the quest for the
                  | Orb.
     0 | D:1      | Reached XP level 1. HP: 19/19 MP: 0/0
    82 | D:1      | Reached XP level 2. HP: 25/27 MP: 1/1
   515 | D:1      | Reached XP level 3. HP: 31/33 MP: 2/2
   966 | D:2      | Found a faded altar of an unknown god.
   981 | D:2      | Prayed at the altar of an unknown god.
   981 | D:2      | Became a worshipper of Fedhas Madash
   981 | D:2      | Reached * piety under Fedhas
   982 | D:2      | Quit the game

Illustrated notes

Levels and vault maps discovered:
D:1:      lemuel_arrival_cross, layout_loops_cross, minmay_hedge_maze,
          eino_curves_03
D:2:      layout_basic, hellmonk_ecumenical_altar_dog_temple,
          grunt_decor_fettered, supply_closet_lemuel, minivault_23,
          corner_web_ring, uniq_robin, uniq_jessica

Skill      XL: |  1  2  3 |
---------------+----------+-----
Armour         | 4 |  4.3
Fighting       | 4 |  4.1
Shields        | 4 |  4.1
Axes           | 3 |  3.0

Action                   || total
-------------------------++-------
Melee: War axe           ||    70
       Headbutt          ||     6
Armor: Scale mail        ||    27
       Plate armour      ||    16
Dodge: Dodged            ||    17
Block: Buckler           ||    17
